 Dungeon Sprint DCSS version 0.27-a0-1416-g941b2bd30b (webtiles) character file.

Game seed: 10234032085357349302

267 mhtbhm the Geomancer (level 6, -5/32 HPs)
             Began as a Deep Elf Earth Elementalist on July 1, 2021.
             Was an Initiate of Vehumet.
             Slain by a hornet (10 damage)
             ... while paralysed by a hornet
             ... in the Dungeon (Sprint IX: "|||||||||||||||||||||||||||||").
             The game lasted 00:00:51 (513 turns).

mhtbhm the Geomancer (Deep Elf Earth Elementalist)   Turns: 513, Time: 00:00:52

Health: -5/32      AC:  4    Str:  5    XL:     6   Next: 0%
Magic:  11/20      EV:  2    Int: 25    God:    Vehumet [......]
Gold:   0          SH:  0    Dex: 18    Spells: 18/24 levels left

rFire    . . .     SeeInvis .   a - +2 scimitar (holy)
rCold    . . .     Faith    .   (no shield)
rNeg     . . .     Spirit   .   b - +0 robe
rPois    .         Reflect  .   (no helmet)
rElec    .         Harm     .   m - +0 cloak
rCorr    .         Rampage  .   n - +0 pair of gloves
Will     .....     NoTele   +   (no boots)
Stlth    +++.......             (no amulet)
HPRegen  0.10/turn              o - +3 ring of intelligence
MPRegen  0.17/turn              p - +3 ring of dexterity

@: paralysed, lethally poisoned (-5 -> -12), slowed
A: no striking features
a: Renounce Religion


You were in the Dungeon.
You worshipped Vehumet.
Vehumet was noncommittal.
You visited 1 branch

Inventory:

Hand Weapons
 a - a +2 scimitar of holy wrath (weapon)
Missiles
 i - 16 stones
Armour
 b - a +0 robe (worn)
 m - a +0 cloak (worn)
 n - a +0 pair of gloves (worn)
Jewellery
 o - a +3 ring of intelligence (left hand)
 p - a +3 ring of dexterity (right hand)
Wands
 l - a wand of acid (7)
Scrolls
 h - 2 scrolls of blinking
 k - 2 scrolls of amnesia
Potions
 c - 5 potions of curing
 d - 3 potions of heal wounds
 e - a potion of haste
 f - 4 potions of magic
 g - a potion of berserk rage
 j - a potion of invisibility


   Skills:
 + Level 4.9 Dodging
 + Level 5.8 Stealth
 + Level 9.7 Spellcasting
 + Level 1.2 Transmutations
 + Level 9.9 Earth Magic
 + Level 1.1 Evocations


You had 18 spell levels left.
You knew the following spells:

 Your Spells              Type           Power      Damage    Failure   Level
a - Sandblast             Erth           100%       2d20      1%          1
b - Passwall              Tmut/Erth      33%        N/A       1%          2
c - Stone Arrow           Conj/Erth      72%        3d11      1%          3

Your spell library contained the following spells:

 Spells                   Type           Power      Damage    Failure   Level
 Lee's Rapid Deconstruct  Erth           28%        3d16*     2%          5
 Petrify                  Tmut/Erth      40%        N/A       4%          4


Dungeon Overview and Level Annotations

Branches:
Dungeon (1/1)

Altars:
Cheibriados
Dithmenos
Elyvilon
Fedhas
Gozag
Hepliaklqana
Kikubaaqudgha
Makhleb
Nemelex Xobeh
Okawaru
Qazlal
Ru
Sif Muna
Trog
Uskayaw
Vehumet
Wu Jian
Xom
Yredelemnul
Zin
The Shining One
Beogh
Jiyva
Lugonu


Message History

The bolt of acid hits the kobold brigand!
The kobold brigand is splashed with acid.
You kill the kobold brigand!
Vehumet accepts your kill.
The bolt of acid misses the komodo dragon.
The hornet stings you!
Ouch! That really hurt!
You are lethally poisoned!
You feel yourself slow down.
Your Dodging skill increases to level 4!
Your Stealth skill gained 2 levels and is now at level 5!
Your Spellcasting skill gained 3 levels and is now at level 9!
Your Earth Magic skill gained 3 levels and is now at level 9!
Your Evocations skill increases to level 1!
You have reached level 4!
You feel clever.
You have reached level 5!
You have reached level 6!
Your experience leads to an increase in your attributes!
Your base attributes are Str 5, Int 21, Dex 15.
Increase (S)trength, (I)ntelligence, or (D)exterity?
You feel clever.
Unknown command.
Unknown command.
Aiming: Corrosive Bolt
Press: ? - help, Shift-Dir - straight line, f/p - hornet
Aim: a hornet (heavily wounded, covered in acid, 57% to hit)
The bolt of acid misses the hornet.
The bolt of acid hits the komodo dragon!
The komodo dragon is splashed with acid.
The acid corrodes the komodo dragon!
The komodo dragon is severely wounded.
The bolt of acid hits the wyvern!
The wyvern is splashed with acid!
The acid corrodes the wyvern!
The wyvern is severely wounded.
You feel very sick.
The hornet stings you but does no damage.
The hornet stings you!
* * * LOW HITPOINT WARNING * * *
You suddenly lose the ability to move!
The hornet stings you!
You die...

▓'▓
▓.▓
▓.▓
▓)▓
▓.▓
▓.▓
▓.▓
▓[▓
▓@▓
▓y▓
▓l▓
▓l▓
▓.▓
▓Z▓
▓.▓
▓.▓
▓.▓


You could see a komodo dragon (corroded), a hornet (corroded), a wyvern
(corroded) and a quokka zombie.

Vanquished Creatures
  A yak (D)
  A kobold brigand (D)
  An orc wizard (D)
  2 adders (D)
  An ufetubus (D)
  An orc (D)
  A goblin (D)
  A bat (D)
  A frilled lizard (D)
  A kobold (D)
  A rat (D)
12 creatures vanquished.

Notes
Turn   | Place    | Note
-------+----------+-------------------------------------------
     0 | D        | mhtbhm the Deep Elf Earth Elementalist began the quest for
                  | the Orb.
     0 | D        | Reached XP level 1. HP: 10/10 MP: 6/6
   245 | D        | Noticed an orc wizard
   247 | D        | Reached XP level 2. HP: 15/15 MP: 6/9
   248 | D        | Reached skill level 5 in Earth Magic
   250 | D        | Reached skill level 5 in Spellcasting
   250 | D        | Reached XP level 3. HP: 19/19 MP: 3/12
   256 | D        | Learned a level 2 spell: Passwall
   260 | D        | Learned a level 3 spell: Stone Arrow
   445 | D        | Found a snail-covered altar of Cheibriados.
   445 | D        | Found a shadowy altar of Dithmenos.
   445 | D        | Found a white marble altar of Elyvilon.
   445 | D        | Found a blossoming altar of Fedhas.
   445 | D        | Found an opulent altar of Gozag.
   446 | D        | Found a hazy altar of Hepliaklqana.
   447 | D        | Found a viscous altar of Jiyva.
   448 | D        | Found an ancient bone altar of Kikubaaqudgha.
   449 | D        | Found a corrupted altar of Lugonu.
   450 | D        | Found a burning altar of Makhleb.
   451 | D        | Found a sparkling altar of Nemelex Xobeh.
   452 | D        | Found an iron altar of Okawaru.
   453 | D        | Found a stormy altar of Qazlal.
   454 | D        | Found a sacrificial altar of Ru.
   455 | D        | Found a shimmering blue altar of Sif Muna.
   456 | D        | Found a bloodstained altar of Trog.
   457 | D        | Found a hide-covered altar of Uskayaw.
   458 | D        | Found a radiant altar of Vehumet.
   459 | D        | Found an ornate altar of the Wu Jian Council.
   460 | D        | Found a shimmering altar of Xom.
   461 | D        | Found a basalt altar of Yredelemnul.
   462 | D        | Found a glowing silver altar of Zin.
   463 | D        | Found a glowing golden altar of the Shining One.
   466 | D        | Became a worshipper of Vehumet
   507 | D        | Noticed a hornet
   507 | D        | Noticed a yak
   507 | D        | Noticed a kobold brigand
   507 | D        | Noticed a komodo dragon
   507 | D        | Noticed a wyvern
   512 | D        | Killed a yak
   512 | D        | Killed a kobold brigand
   513 | D        | Reached skill level 5 in Stealth
   513 | D        | Reached skill level 1 in Evocations
   513 | D        | Reached XP level 4. HP: 12/24 MP: 10/17
   513 | D        | Reached XP level 5. HP: 14/28 MP: 11/19
   513 | D        | Reached XP level 6. HP: 16/32 MP: 11/20
   513 | D        | Paralysed by a hornet for 1 turns
   513 | D        | Slain by a hornet

Illustrated notes

Levels and vault maps discovered:
D:        linesprint [early_d, line_temple, items_1, d_10, items_2, lair_1,
          lair_end, items_3, orc_1, orc_end, items_4, d_15, swamp_1, shoals_1,
          snake_1, spider_1, d_20, vaults_1, items_5, swamp_end, shoals_end,
          snake_end, spider_end, vaults_end, d_27, items_6, zot_1, zot_end,
          crypt_end, forest_end, elf_end, slime_end, tomb_end, abyss_end,
          pan_hell_end]

Skill      XL: |  1  2  3 |
---------------+----------+-----
Earth Magic    | 4 6 9 |  9.9
Spellcasting   | 4 5 9 |  9.7
Stealth        | 3 5 |  5.8
Dodging        | 3 4 |  4.9
Evocations     | 1 |  1.1
Transmutations | |  1.2

Action                   |  1- 3 |  4- 6 || total
-------------------------+-------+-------++-------
 Cast: Sandblast         |    14 |       ||    14
Evoke: Wand              |     2 |     1 ||     3
Armor: Robe              |       |     1 ||     1
Dodge: Dodged            |     5 |       ||     5
       Rpst.: Scimitar   |     1 |       ||     1

Table legend: (Time is in decaauts)
 A = Elapsed time spent in this place.
 B = Non-inter-level travel time spent in this place.
 C = Inter-level travel time spent in this place.
 D = Time resting spent in this place.
 E = Time spent auto-exploring this place.
 F = Levels seen in this place.
 G = Mean time per level.
                   A        B        C        D        E       F      G
               +--------+--------+--------+--------+--------+-----+--------+
         Total |    511 |    511 |      0 |    325 |     82 |   1 |  511.0 |
       Dungeon |    511 |    511 |      0 |    325 |     82 |   1 |  511.0 |
               +--------+--------+--------+--------+--------+-----+--------+

Top non-repeatable levels by time:
       D: 511 daAuts
